AoeStats
← eriki

Arabia

507984708Analyzed
2v2 RM · 13d ago on Sep 20, 2026· 36m 23s· 4 players
Game mode
Random Map
Map size
Medium (4 player)
Population
200
Speed
Normal
Resources
Standard
Victory
Conquest
Starting age
Dark Age
Ending age
Imperial Age
RankedLock teamsTeams togetherTeam positionsShared explorationLock speedFull tech treeHidden civsTurbo modeCheats
Victory
Defeat
🇨🇭 Magyars · Switzerland
968
+33
🇩🇪 Muisca · Germany
960
+14
🇹🇷 Maya · Türkiye
919
-14
🇹🇷 Romans · Türkiye
904
-13
uff
9:15 Loom
11:21 Feudal Age
10:01 Loom
11:46 Feudal Age
13:41 Double-Bit Axe
17:08 Castle Age
17:55 Padded Archer Armor
24:46 Horse Collar
26:05 Leather Archer Armor
26:50 Elite Skirmisher
27:33 Fletching
28:16 Heavy Plow
30:19 Wheelbarrow
32:56 Crossbowman
33:45 Thumb Ring
Science1990
7:54 Loom
10:08 Feudal Age
12:29 Double-Bit Axe
20:47 Castle Age
18:42 Horse Collar
19:02 Stone Mining
20:12 Scale Barding Armor
22:37 Wheelbarrow
22:11 Gold Mining
24:12 Bow Saw
26:13 Fletching
28:25 Husbandry
28:36 Bloodlines
36:10 Imperial Age
36:41 Scale Mail Armor
37:04 Chain Barding Armor
King of Cengel
11:20 Feudal Age
17:56 Fletching
19:05 Padded Archer Armor
25:31 Castle Age
24:38 Double-Bit Axe
26:12 Bodkin Arrow
25:41 Crossbowman
25:48 Elite Skirmisher
26:43 Thumb Ring
28:16 Pikeman
29:16 Squires
30:35 Arson
32:28 Man-at-Arms
32:56 Eagle Warrior
eriki
10:31 Feudal Age
10:38 Loom
10:40 Man-at-Arms
20:44 Castle Age
19:28 Stone Mining
20:52 Gold Mining
20:44 Horse Collar
20:54 Double-Bit Axe
21:21 Scale Mail Armor
20:46 Long Swordsman
30:41 Town Watch
33:43 Husbandry
34:52 Scale Barding Armor
35:02 Bloodlines
Connection lost

Rejoining the realm…

Still unreachable

The connection could not be restored.

Session expired

The server has moved on; the page needs a fresh start.